[Event "Titled Tuesday Blitz November 15 Late 2022"]
[White "Sariego Figueredo, Wilfredo"]
[Black "Joubert, Dantelle"]
[WhiteFideId "3500080"]
[BlackFideId "14310813"]
[WhiteElo "2309"]
[BlackElo "1507"]
[Result "1-0"]
[Round "10"]
[TimeControl "180+1"]
[Date "2022.11.16"]
[WhiteClock "0:00:04"]
[BlackClock "0:00:05"]

1. d4 d5 2. Bf4 Nf6 3. e3 c5 4. c3 Qb6 5. Qb3 Nc6 6. Qxb6 axb6 7. Bc7 Nd7 8. Nd2 e6 9. Ngf3 Be7 10. Bb5 O-O 11. O-O c4 12. a4 Re8 13. e4 Kf8 14. exd5 exd5 15. b3 cxb3 16. Nxb3 Bd8 17. Bd6+ Be7 18. Bc7 Bd8 19. Bd6+ Be7 20. Bg3 Nf6 21. Ne5 Bd7 22. Nxd7+ Nxd7 23. Nd2 Rec8 24. Nf3 f6 25. Rab1 Bd8 26. Bd6+ Be7 27. Bg3 Bd8 28. Rfe1 Bc7 29. Bxc7 Rxc7 30. Re6 Nd8 31. Rd6 Ke7 32. Rxd5 Nc6 33. Re1+ Kf7 34. h3 Nf8 35. Rd6 Ng6 36. Bc4+ Kf8 37. Bb5 Nf4 38. c4 Nb4 39. d5 Nfd3 40. Re3 Nc5 41. Nd4 Nxa4 42. Ne6+ Ke7 43. Nxc7+ Kxd6 44. Nxa8 Kc5 45. Nc7 Nc3 46. Rxc3 Nxd5 47. cxd5+ Kd4 48. Rc1 Ke5 49. d6 Kxd6 50. Ne8+ Ke7 51. Nxg7 Kf8 52. Nh5 Kf7 53. Ng3 Ke6 54. f4 Kd5 55. Kf2 Kd4 56. Kf3 Kd5 57. Rc7 Kd6 58. Rxb7 Kc5 59. Be8 b5 60. Rxb5+ Kd6 61. Ke4 Ke7 62. Bh5 Kf8 63. Kf5 Kg7 64. Rb7+ Kh6 65. Ne4 Kxh5 66. Rxh7# 1-0


[Site "https://www.chess.com"]

[Event "Titled Tuesday Blitz November 15 Late 2022"]
[White "Sarkar, Justin"]
[Black "Palencia Morales, Wilson Guillermo"]
[WhiteFideId "2010011"]
[BlackFideId "4401859"]
[WhiteElo "2239"]
[BlackElo "2160"]
[Result "1-0"]
[Round "10"]
[TimeControl "180+1"]
[Date "2022.11.16"]
[WhiteClock "0:01:05"]
[BlackClock "0:00:16"]

1. d4 Nf6 2. c4 c5 3. d5 e6 4. Nc3 exd5 5. cxd5 d6 6. e4 g6 7. f4 Bg7 8. Bb5+ Nfd7 9. Bd3 a6 10. a4 Qh4+ 11. g3 Qe7 12. Nf3 O-O 13. O-O Re8 14. Kg2 Nf8 15. h3 Nbd7 16. Re1 Qd8 17. Be3 Rb8 18. g4 Nb6 19. g5 Bd7 20. Rh1 Na8 21. h4 Bg4 22. Kg3 Bxf3 23. Qxf3 Nc7 24. h5 b5 25. hxg6 fxg6 26. axb5 axb5 27. Ra7 b4 28. Nd1 1-0


[Site "https://www.chess.com"]

[Event "Titled Tuesday Blitz November 15 Late 2022"]
[White "Silva Lucena, Cristian"]
[Black "Taspinar, Yanki"]
[WhiteFideId "2232588"]
[BlackFideId "34561188"]
[WhiteElo "2223"]
[BlackElo "2225"]
[Result "0-1"]
[Round "10"]
[TimeControl "180+1"]
[Date "2022.11.16"]
[WhiteClock "0:00:01"]
[BlackClock "0:00:26"]

1. e4 c6 2. d4 d5 3. e5 Bf5 4. h4 h5 5. Bd3 Bxd3 6. Qxd3 e6 7. Bg5 Qb6 8. Nd2 c5 9. c4 dxc4 10. Nxc4 Qb4+ 11. Bd2 Qa4 12. Nf3 Nc6 13. O-O Rd8 14. b3 Qa6 15. Be3 cxd4 16. Bg5 Be7 17. Rac1 Rd5 18. Nd6+ Bxd6 19. Qxa6 bxa6 20. Rxc6 Be7 21. Rxa6 f6 22. Bf4 Kf7 23. Rxa7 Nh6 24. Rd1 Nf5 25. Rc1 Rhd8 26. Rcc7 d3 27. Bd2 Kf8 28. exf6 gxf6 29. a4 Ke8 30. a5 Bc5 31. Rab7 Nd6 32. a6 Nxb7 33. axb7 Rb8 34. Rh7 Rd7 35. Rh8+ Bf8 36. Bb4 Rf7 37. Nd4 Rbxb7 38. Bd2 Kd7 39. Rxh5 e5 40. Nf5 Ke6 41. Ne3 Bc5 42. Nc4 Rxb3 43. Rh8 Kd5 44. Ne3+ Bxe3 45. Bxe3 f5 46. g3 f4 47. gxf4 exf4 48. Ba7 Rd7 0-1


[Site "https://www.chess.com"]

[Event "Titled Tuesday Blitz November 15 Late 2022"]
[White "Sonnenschein, Philipp"]
[Black "Rose, Felix"]
[WhiteFideId "16250877"]
[BlackFideId "5105722"]
[WhiteElo "2225"]
[BlackElo "2039"]
[Result "0-1"]
[Round "10"]
[TimeControl "180+1"]
[Date "2022.11.16"]
[WhiteClock "0:00:02"]
[BlackClock "0:00:07"]

1. e4 e6 2. d4 d5 3. Nd2 c5 4. Ngf3 Nc6 5. exd5 Qxd5 6. Bc4 Qd8 7. O-O Nf6 8. Re1 a6 9. Nb3 b5 10. Bf1 c4 11. Nc5 Nxd4 12. Be3 Bxc5 13. Nxd4 Bb7 14. Nxe6 Qxd1 15. Nxg7+ Kf8 16. Bxc5+ Kxg7 17. Raxd1 Rhe8 18. Re3 Rxe3 19. Bxe3 Be4 20. c3 Kg6 21. Rd6 Kf5 22. g3 h5 23. Bd4 Ng4 24. Be2 Ne5 25. Bxh5 Nf3+ 26. Bxf3 Bxf3 27. h4 Re8 28. Rf6+ Kg4 29. Be3 Rd8 30. Rf4+ Kh3 31. Bd4 Re8 32. Be3 Rd8 33. Rd4 Rb8 34. Kf1 b4 35. cxb4 Rxb4 36. Rd2 c3 37. Rd4 Rxb2 38. Ke1 Rb1+ 39. Rd1 Rxd1# 0-1


[Site "https://www.chess.com"]

[Event "Titled Tuesday Blitz November 15 Late 2022"]
[White "Steinberg, Nitzan"]
[Black "Terry, Renato"]
[WhiteFideId "2801795"]
[BlackFideId "3803457"]
[WhiteElo "2491"]
[BlackElo "2577"]
[Result "0-1"]
[Round "10"]
[TimeControl "180+1"]
[Date "2022.11.15"]
[WhiteClock "0:00:04"]
[BlackClock "0:00:04"]

1. e4 g6 2. d4 Bg7 3. Nc3 c6 4. Nf3 d5 5. h3 Nh6 6. Bd3 f6 7. Bf4 Nf7 8. exd5 cxd5 9. Bh2 O-O 10. O-O Nc6 11. Bb5 a6 12. Ba4 b5 13. Bb3 e6 14. a4 b4 15. Ne2 Na5 16. Ba2 Qb6 17. Re1 Bd7 18. Nf4 Rfe8 19. Nd3 Bf8 20. Bb1 Rac8 21. h4 Nc6 22. Nf4 Na5 23. Nd3 Kg7 24. Bf4 h6 25. Be3 Nc4 26. Bc1 Bd6 27. b3 Na5 28. Nf4 Nc6 29. c4 bxc3 30. Bxg6 Bxf4 31. Bxf7 Kxf7 32. Bxf4 Rh8 33. Rc1 Nb4 34. Re3 c2 35. Qe2 a5 36. Ne1 h5 37. Nxc2 Qc6 38. Rg3 Nxc2 39. Qd3 f5 40. Be5 Nb4 41. Rxc6 Nxd3 42. Rg7+ Ke8 43. Rd6 Nxe5 44. dxe5 Rd8 45. Ra6 Rf8 46. Rxa5 Rf7 47. Rg8+ Rf8 48. Rg7 Rf7 49. Rg8+ Ke7 50. Rg5 Rb8 51. Ra7 Rxb3 52. a5 Ra3 53. Rg8 d4 54. Rc8 d3 55. Rc4 Kf8 56. Rd4 Be8 57. Ra8 Rc7 58. a6 Re7 59. Kh2 Kf7 60. f3 Bc6 61. Kg3 Bxa8 62. Rd8 Bd5 0-1


[Site "https://www.chess.com"]

[Event "Titled Tuesday Blitz November 15 Late 2022"]
[White "Storey, Charles H"]
[Black "Kleiman, Jake"]
[WhiteFideId "406686"]
[BlackFideId "2020041"]
[WhiteElo "2252"]
[BlackElo "2562"]
[Result "0-1"]
[Round "10"]
[TimeControl "180+1"]
[Date "2022.11.16"]
[WhiteClock "0:00:02"]
[BlackClock "0:00:02"]

1. c4 e6 2. g3 Nf6 3. Bg2 d5 4. Nf3 dxc4 5. Qa4+ Bd7 6. Qxc4 Bc6 7. d4 Nbd7 8. Nc3 Be7 9. O-O O-O 10. Qd3 b6 11. e4 Nc5 12. Qc4 b5 13. Nxb5 Bxb5 14. Qxb5 Ncxe4 15. Ne5 Qxd4 16. Nc6 Qc5 17. Nxe7+ Qxe7 18. Qe2 Nd6 19. Bxa8 Rxa8 20. Bg5 Nde8 21. Rac1 h6 22. Bxf6 Nxf6 23. Rc2 Nd5 24. Rfc1 Rb8 25. Rc5 Qd7 26. Qd2 Qa4 27. b3 Qg4 28. R5c4 Qf5 29. Qd4 a6 30. Qa7 Rb6 31. Rxc7 Rd6 32. Qc5 Qe5 33. Qc2 Nxc7 34. Qxc7 Rd1+ 35. Kg2 Qd5+ 36. Kh3 Qf5+ 37. Kg2 Rd2 38. Qc8+ Kh7 39. Qc5 Qe4+ 40. Kg1 Qe2 41. a4 h5 42. Qe3 Qxe3 43. fxe3 Rd3 44. Rb1 Rxe3 45. b4 Ra3 46. b5 axb5 47. axb5 Ra8 48. Kf2 Rb8 49. Ke3 Kg6 50. Kd4 Kg5 51. h3 f6 52. Kc5 e5 53. Rb4 f5 54. b6 e4 55. Kc6 h4 56. gxh4+ Kxh4 57. Kc7 Rf8 58. b7 g5 59. b8=Q Rxb8 60. Rxb8 Kxh3 61. Kd6 e3 62. Kd5 f4 63. Ke4 Kg2 64. Kd3 Kf2 65. Re8 Kf3 0-1


[Site "https://www.chess.com"]

[Event "Titled Tuesday Blitz November 15 Late 2022"]
[White "Svane, Rasmus"]
[Black "Rasulov, Vugar"]
[WhiteFideId "4657101"]
[BlackFideId "13402390"]
[WhiteElo "2674"]
[BlackElo "2509"]
[Result "1-0"]
[Round "10"]
[TimeControl "180+1"]
[Date "2022.11.15"]
[WhiteClock "0:01:34"]
[BlackClock "0:01:11"]

1. Nf3 Nf6 2. g3 b5 3. Bg2 Bb7 4. d4 e6 5. Bg5 Be7 6. Qd3 b4 7. Nbd2 a5 8. c4 d5 9. Rc1 O-O 10. O-O Nbd7 11. Rfe1 c5 12. cxd5 exd5 13. Bxf6 Bxf6 14. dxc5 Bxb2 15. c6 Ba6 16. Qxd5 Bxc1 17. cxd7 Bxd2 18. Qxd2 Ra7 19. Ne5 Qe7 20. Rd1 Rd8 21. Nc6 Qxd7 22. Nxd8 Qxd2 23. Rxd2 Rc7 24. Nc6 g6 25. f4 1-0


[Site "https://www.chess.com"]

[Event "Titled Tuesday Blitz November 15 Late 2022"]
[White "Szyszylo, Rafal"]
[Black "Curtis, John"]
[WhiteFideId "1109626"]
[BlackFideId "3200256"]
[WhiteElo "1981"]
[BlackElo "2203"]
[Result "1-0"]
[Round "10"]
[TimeControl "180+1"]
[Date "2022.11.16"]
[WhiteClock "0:00:47"]
[BlackClock "0:00:06"]

1. e4 c5 2. Nf3 d6 3. d4 cxd4 4. Nxd4 Nf6 5. Nc3 a6 6. Bc4 e6 7. O-O Qc7 8. Bb3 Nbd7 9. Bxe6 fxe6 10. Nxe6 Qc4 11. Nd5 Nxd5 12. exd5 Rb8 13. b3 Qc3 14. Rb1 Nf6 15. Bb2 Qa5 16. Bxf6 Bxe6 17. dxe6 gxf6 18. e7 Bxe7 19. Re1 Rd8 20. Qg4 Qg5 21. Qe4 Rd7 22. Rbd1 d5 23. Qe6 Rg8 24. g3 Rg7 25. Re2 d4 26. Rde1 1-0


[Site "https://www.chess.com"]

[Event "Titled Tuesday Blitz November 15 Late 2022"]
[White "Tanenbaum, Zachary"]
[Black "Shimanov, Aleksandr"]
[WhiteFideId "2060850"]
[BlackFideId "4198603"]
[WhiteElo "2175"]
[BlackElo "2605"]
[Result "0-1"]
[Round "10"]
[TimeControl "180+1"]
[Date "2022.11.15"]
[WhiteClock "0:00:04"]
[BlackClock "0:01:01"]

1. e4 d5 2. exd5 Qxd5 3. Nc3 Qe5+ 4. Be2 Bg4 5. d4 Bxe2 6. Ngxe2 Qa5 7. O-O Nf6 8. b4 Qh5 9. f3 Qf5 10. Re1 Nc6 11. b5 Na5 12. Ng3 Qd7 13. Qd3 O-O-O 14. Be3 e6 15. Nge4 Kb8 16. Nxf6 gxf6 17. Ne4 f5 18. Nf6 Qe7 19. Bg5 h6 20. Bh4 Bg7 21. Qxf5 Rxd4 22. Nh5 Qxh4 23. Qxf7 Rd7 24. Qxd7 Bxa1 25. Rxa1 Qxh5 26. Rd1 b6 27. Qxe6 Qxb5 28. h3 Qc5+ 29. Kh1 Qxc2 30. Rd7 Qc1+ 31. Kh2 Qf4+ 32. Kh1 Nb7 33. Qe7 Nc5 34. Rd8+ Rxd8 35. Qxd8+ Kb7 36. Qd5+ c6 37. Qd8 a5 38. Qe7+ Ka6 39. Qe2+ b5 40. Qe8 Qd6 41. Qa8+ Kb6 42. Qh8 Nd3 43. Kg1 c5 44. Kf1 c4 45. Qc3 Qe5 46. Qd2 Qf4 47. Qc3 Qc1+ 48. Qxc1 Nxc1 0-1


[Site "https://www.chess.com"]

[Event "Titled Tuesday Blitz November 15 Late 2022"]
[White "Tari, Aryan"]
[Black "Swiercz, Dariusz"]
[WhiteFideId "1510045"]
[BlackFideId "1126881"]
[WhiteElo "2612"]
[BlackElo "2627"]
[Result "1-0"]
[Round "10"]
[TimeControl "180+1"]
[Date "2022.11.15"]
[WhiteClock "0:00:24"]
[BlackClock "0:00:10"]

1. e4 e5 2. Nf3 Nc6 3. Bc4 Bc5 4. d3 Nf6 5. O-O d6 6. c3 a6 7. a4 h6 8. Re1 Ba7 9. Be3 Bxe3 10. Rxe3 O-O 11. h3 Be6 12. Bxe6 fxe6 13. b4 Ne7 14. Nbd2 Ng6 15. d4 Nd7 16. a5 Rf7 17. Qb3 Qe7 18. b5 Rff8 19. bxa6 bxa6 20. Qc4 c5 21. d5 Nf4 22. dxe6 Nf6 23. Rb1 Kh7 24. Rb6 Nxe6 25. Rxa6 Nc7 26. Rxa8 Rxa8 27. Nb3 Nh5 28. g3 Nf6 29. Nfd2 Qd7 30. Kg2 Qc6 31. Re1 d5 32. exd5 Ncxd5 33. Kg1 Qd7 34. Qd3+ Kg8 35. c4 Nb4 36. Qxd7 Nxd7 37. Ne4 Nc2 38. Rd1 Nd4 39. Ned2 Kf7 40. Ra1 Ra6 41. Nxd4 cxd4 42. Ne4 Ke7 43. Kf1 Kd8 44. Ke2 Kc7 45. Kd3 Kc6 46. f4 exf4 47. gxf4 Nc5+ 48. Nxc5 Kxc5 49. f5 h5 50. h4 g6 51. fxg6 Rxg6 52. a6 Rg3+ 53. Ke4 Rg4+ 54. Kf3 Rg8 55. a7 Ra8 56. Ra4 Kb6 57. Ke4 Rxa7 58. Rxa7 Kxa7 59. Kxd4 Kb6 60. Kd5 Kb7 61. Ke5 Kc6 62. Kf5 Kc5 63. Kg5 Kxc4 64. Kxh5 Kd5 65. Kg6 Ke6 66. h5 Ke7 67. Kg7 1-0


[Site "https://www.chess.com"]

[Event "Titled Tuesday Blitz November 15 Late 2022"]
[White "Ter-Sahakyan, Samvel"]
[Black "Chigaev, Maksim"]
[WhiteFideId "13302531"]
[BlackFideId "4108116"]
[WhiteElo "2584"]
[BlackElo "2541"]
[Result "0-1"]
[Round "10"]
[TimeControl "180+1"]
[Date "2022.11.15"]
[WhiteClock "0:00:01"]
[BlackClock "0:00:05"]

1. d4 Nf6 2. Nf3 g6 3. Nbd2 Bg7 4. e4 O-O 5. Bd3 c5 6. c3 Nh5 7. O-O Nf4 8. Bc2 cxd4 9. cxd4 d5 10. e5 Nc6 11. Nb3 Ne6 12. Be3 a5 13. a3 a4 14. Nc1 b5 15. Ne2 Na5 16. Nd2 f6 17. exf6 exf6 18. b3 f5 19. Nf3 axb3 20. Bxb3 Nc4 21. Bc1 g5 22. Ra2 Ra6 23. a4 bxa4 24. Rxa4 Rxa4 25. Bxa4 g4 26. Ne5 Nxd4 27. Nc6 Nxc6 28. Bxc6 d4 29. Nf4 Ne5 30. Bd5+ Kh8 31. Bb2 Qb6 32. Ba1 Ng6 33. Nh5 Be5 34. Re1 Rd8 35. Bf7 Qc5 36. h3 gxh3 37. Bxg6 hxg6 38. Qd2 Kh7 39. f4 Bh8 40. Ng3 Bb7 41. Rb1 Qd5 42. gxh3 Rd7 43. Kh2 Bg7 44. Re1 Rc7 45. h4 d3 46. Bxg7 Rc2 0-1


[Site "https://www.chess.com"]

[Event "Titled Tuesday Blitz November 15 Late 2022"]
[White "Thiel, Thomas"]
[Black "Prohorov, Olexandr"]
[WhiteFideId "4615964"]
[BlackFideId "14105578"]
[WhiteElo "2229"]
[BlackElo "1993"]
[Result "1-0"]
[Round "10"]
[TimeControl "180+1"]
[Date "2022.11.16"]
[WhiteClock "0:00:50"]
[BlackClock "0:00:21"]

1. e4 c5 2. Nc3 a6 3. Nge2 Nc6 4. g3 b5 5. Bg2 Bb7 6. d4 cxd4 7. Nxd4 e6 8. O-O Nf6 9. e5 Ng8 10. h4 Qc7 11. Nxc6 Bxc6 12. Ne4 Qb7 13. Re1 Be7 14. c3 h5 15. Bg5 f6 16. exf6 gxf6 17. Qd4 e5 18. Nd6+ Bxd6 19. Qxd6 Bxg2 20. Bxf6 Nxf6 21. Qxf6 d6 22. Qxh8+ Kd7 23. Qg7+ Ke6 24. Qxb7 Bxb7 25. f4 e4 26. Rad1 Rg8 27. Kf2 d5 28. Rd4 Rc8 29. a4 Rc5 30. Red1 bxa4 31. Rxa4 Rb5 32. Rb4 Bc6 33. Rxb5 Bxb5 34. Ke3 Bc4 35. Ra1 Kf5 36. Ra5 Kg4 37. Kf2 e3+ 38. Kxe3 Kxg3 39. f5 Kxh4 40. f6 Kg3 41. Kd4 h4 42. f7 h3 43. f8=Q h2 44. Qg7+ Kf2 45. Ra1 Bf1 46. Qf6+ Kg3 47. Qxf1 1-0


[Site "https://www.chess.com"]

[Event "Titled Tuesday Blitz November 15 Late 2022"]
[White "Tsydypov, Zhamsaran"]
[Black "Ghazarian, Kirk"]
[WhiteFideId "4108566"]
[BlackFideId "30908604"]
[WhiteElo "2591"]
[BlackElo "2346"]
[Result "1-0"]
[Round "10"]
[TimeControl "180+1"]
[Date "2022.11.15"]
[WhiteClock "0:01:49"]
[BlackClock "0:01:09"]

1. e4 c5 2. Nf3 d6 3. d4 cxd4 4. Nxd4 Nf6 5. Nc3 Nc6 6. Bg5 e6 7. Qd2 a6 8. O-O-O Bd7 9. f4 b5 10. Bxf6 gxf6 11. Nf3 Qb6 12. Kb1 h5 13. g3 O-O-O 14. Bh3 Kb8 15. Ne2 Bc8 16. Ned4 Nxd4 17. Nxd4 Bb7 18. Rhe1 Be7 19. Bg2 h4 20. Re2 hxg3 21. hxg3 Rdg8 22. Qe3 Qc5 23. Rd3 Rg7 24. Rc3 Qa7 25. a4 Rhg8 26. Qf2 b4 27. Rc7 Kxc7 28. Nb5+ axb5 29. Qxa7 Rxg3 30. a5 Ra8 31. Qb6+ Kc8 32. Qxb5 Bd8 33. Qxb4 Rxa5 34. Qxd6 Ra6 35. Qf8 Rc6 36. Rd2 1-0


[Site "https://www.chess.com"]

[Event "Titled Tuesday Blitz November 15 Late 2022"]
[White "Urazayev, Arystanbek"]
[Black "Mirzoev, Azer"]
[WhiteFideId "13709810"]
[BlackFideId "13400304"]
[WhiteElo "2441"]
[BlackElo "2525"]
[Result "1-0"]
[Round "10"]
[TimeControl "180+1"]
[Date "2022.11.15"]
[WhiteClock "0:02:15"]
[BlackClock "0:01:06"]

1. e4 c5 2. Nf3 e6 3. c3 d5 4. exd5 Qxd5 5. d4 Nf6 6. Bd3 cxd4 7. cxd4 Nc6 8. Nc3 Qd6 9. O-O Be7 10. Re1 O-O 11. a3 b6 12. Bc2 Bb7 13. Qd3 Rad8 14. Bg5 g6 15. Rad1 Nd5 16. Bh6 Nxc3 17. Qxc3 Bf6 18. Bxf8 Kxf8 19. Be4 Kg7 20. Qe3 Ba6 21. d5 Ne7 22. h4 exd5 23. h5 Bxb2 24. h6+ Kg8 25. Bxd5 Nf5 26. Bxf7+ Kxf7 27. Qb3+ 1-0


[Site "https://www.chess.com"]

[Event "Titled Tuesday Blitz November 15 Late 2022"]
[White "Xiong, Jeffery"]
[Black "Firouzja, Alireza"]
[WhiteFideId "2047640"]
[BlackFideId "12573981"]
[WhiteElo "2725"]
[BlackElo "2903"]
[Result "1-0"]
[Round "10"]
[TimeControl "180+1"]
[Date "2022.11.15"]
[WhiteClock "0:00:18"]
[BlackClock "0:00:07"]

1. e4 d6 2. d4 Nf6 3. Nc3 e5 4. Nf3 Nbd7 5. Bc4 Be7 6. O-O O-O 7. a4 c6 8. Re1 h6 9. h3 Re8 10. Be3 Qc7 11. a5 Nf8 12. d5 Ng6 13. Bb3 c5 14. Nd2 Nh7 15. a6 bxa6 16. Bc4 Rb8 17. b3 Rb6 18. Na4 Rb4 19. Nc3 f5 20. exf5 Bxf5 21. Rxa6 Rf8 22. Nde4 Qc8 23. Nxd6 Bxd6 24. Rxd6 Nf6 25. Rc6 Qd7 26. Bxc5 Bxh3 27. Bxb4 Bxg2 28. Re6 Nf4 29. R1xe5 Qf7 30. d6 Kh8 31. Re8 Qg6 32. Rxf8+ Kh7 33. Rxf6 gxf6 34. Re7+ Kh8 35. Bf7 Qg5 36. Re8+ Kh7 37. Rg8 Qh4 38. Rxg2 Nh3+ 39. Kf1 Nf4 40. Qg4 1-0


[Site "https://www.chess.com"]

[Event "Titled Tuesday Blitz November 15 Late 2022"]
[White "Yanchenko, Roman"]
[Black "vjecspec"]
[WhiteFideId "4137329"]
[WhiteElo "2489"]
[BlackElo "2551"]
[Result "1-0"]
[Round "10"]
[TimeControl "180+1"]
[Date "2022.11.15"]
[WhiteClock "0:01:17"]
[BlackClock "0:00:31"]

1. d4 g6 2. c4 Bg7 3. Nf3 d6 4. Nc3 e5 5. dxe5 dxe5 6. Qxd8+ Kxd8 7. e4 f6 8. Be3 Be6 9. O-O-O+ Nd7 10. b3 c6 11. Be2 Kc7 12. h4 h5 13. Ne1 Bh6 14. Bxh6 Nxh6 15. Nd3 a5 16. f3 Rhd8 17. Kb2 Rf8 18. Rd2 Rad8 19. Rhd1 f5 20. Bf1 f4 21. Na4 b6 22. a3 Nf7 23. Nc3 Rg8 24. Rc1 Nf6 25. Nd5+ Bxd5 26. cxd5 c5 27. b4 axb4 28. axb4 Kd6 29. bxc5+ bxc5 30. Rxc5 Rb8+ 31. Kc1 Rgc8 32. Rdc2 Rxc5 33. Rxc5 Rb6 34. Rc8 Ra6 35. Kb1 Rb6+ 36. Nb2 Nd7 37. Kc2 Ke7 38. Nc4 Rb7 39. Rc6 Nf8 40. Bd3 Ra7 41. Kb2 Rb7+ 42. Kc3 Ra7 43. Bc2 Nh7 44. Rxg6 Ra1 45. Re6+ Kf8 46. Nxe5 Nxe5 47. Rxe5 Rg1 48. Rxh5 Kg7 49. e5 Rxg2 50. Rxh7+ 1-0


[Site "https://www.chess.com"]

[Event "Titled Tuesday Blitz November 15 Late 2022"]
[White "Yano, William Jorge Froes"]
[Black "Winkels, Marcel"]
[WhiteFideId "2112949"]
[BlackFideId "1003887"]
[WhiteElo "2122"]
[BlackElo "1900"]
[Result "0-1"]
[Round "10"]
[TimeControl "180+1"]
[Date "2022.11.16"]
[WhiteClock "0:00:21"]
[BlackClock "0:00:09"]

1. e4 c5 2. Nf3 d6 3. Bb5+ Bd7 4. Bxd7+ Nxd7 5. O-O Ngf6 6. Qe2 e6 7. c3 Be7 8. d4 cxd4 9. cxd4 e5 10. Nc3 O-O 11. Rd1 Qb8 12. Bg5 a6 13. Rac1 Rc8 14. Nd5 Nxd5 15. exd5 Bxg5 16. Nxg5 Rxc1 17. Rxc1 h6 18. Ne4 exd4 19. Qg4 Ne5 20. Qg3 d3 21. f4 Qa7+ 22. Kh1 Ng6 23. f5 Ne5 24. f6 g6 25. Nxd6 Qd4 26. Nc8 d2 27. Ne7+ Kh7 28. Rd1 Nc4 29. Qc3 Qxc3 30. bxc3 b5 31. Kg1 a5 32. Kf2 b4 33. cxb4 axb4 34. Nc6 Rxa2 35. Nxb4 Rb2 36. Nd3 Rb3 37. Ke2 g5 38. Ra1 Kg6 39. g4 Kxf6 40. Ra6+ Kg7 41. Ra1 Rc3 42. h3 Rc2 43. Rf1 Nb2 44. Nxb2 Rxb2 45. Rd1 Kf6 46. Rxd2 Rxd2+ 47. Kxd2 Ke5 48. d6 Kxd6 49. Kd3 Kd5 50. Ke3 Ke5 51. Kf3 Kd4 52. h4 Kd3 53. hxg5 hxg5 54. Kg3 Ke3 55. Kg2 Kf4 56. Kh3 Kf3 57. Kh2 Kxg4 58. Kg2 f5 59. Kf2 f4 60. Kg2 Kf5 61. Kf2 g4 62. Kg2 Ke4 63. Kf2 g3+ 64. Kf1 Ke3 65. Kg2 Ke2 66. Kg1 f3 67. Kh1 g2+ 68. Kg1 f2+ 69. Kxg2 f1=Q+ 70. Kh2 Qf3 71. Kg1 Qg4+ 0-1


[Site "https://www.chess.com"]

[Event "Titled Tuesday Blitz November 15 Late 2022"]
[White "Yoo, Christopher Woojin"]
[Black "Tang, Andrew"]
[WhiteFideId "30909694"]
[BlackFideId "2059630"]
[WhiteElo "2463"]
[BlackElo "2581"]
[Result "1-0"]
[Round "10"]
[TimeControl "180+1"]
[Date "2022.11.15"]
[WhiteClock "0:00:13"]
[BlackClock "0:00:02"]

1. b3 d5 2. Bb2 c5 3. e3 Nc6 4. Bb5 Nf6 5. Nf3 Qb6 6. c4 dxc4 7. Bxc4 Bg4 8. h3 Bh5 9. Nc3 e6 10. g4 Bg6 11. g5 Nd7 12. Nh4 Nde5 13. Nxg6 hxg6 14. Be2 Qd8 15. f4 Nd3+ 16. Bxd3 Qxd3 17. Qe2 Qf5 18. O-O-O O-O-O 19. Rdf1 c4 20. Qxc4 Rxh3 21. Rxh3 Qxh3 22. Nb5 Kd7 23. Kb1 Qg2 24. Rc1 Qxd2 25. Rc3 Nb4 26. a3 Nd5 27. Rd3 Qe1+ 28. Ka2 Be7 29. e4 Rc8 30. Qa4 Kd8 31. exd5 Rc2 32. dxe6+ Kc8 33. Nd4 Rxb2+ 34. Kxb2 Qf2+ 35. Nc2 1-0


[Site "https://www.chess.com"]

[Event "Titled Tuesday Blitz November 15 Late 2022"]
[White "Yurovskykh, Oleksandr"]
[Black "Papayan, Oleg"]
[WhiteFideId "14134020"]
[BlackFideId "4193911"]
[WhiteElo "2265"]
[BlackElo "2153"]
[Result "1-0"]
[Round "10"]
[TimeControl "180+1"]
[Date "2022.11.16"]
[WhiteClock "0:01:23"]
[BlackClock "0:00:01"]

1. d4 Nf6 2. Nf3 d5 3. Bf4 c5 4. e3 Nc6 5. c3 Qb6 6. Qc2 g6 7. dxc5 Qxc5 8. Nbd2 Bf5 9. Qb3 Bg7 10. Qxb7 O-O 11. Nb3 Qb6 12. Qxb6 axb6 13. Nfd4 Bd7 14. Nxc6 Bxc6 15. Be5 Ra4 16. Nd4 Bd7 17. Be2 Rfa8 18. a3 Ne4 19. Bxg7 Kxg7 20. O-O e5 21. Nc2 Be6 22. Nb4 Nd2 23. Rfd1 Nb3 24. Rab1 Rd8 25. Bd3 Raa8 26. Bc2 Nc5 27. Rd2 Rd7 28. Rbd1 Rad8 29. f3 f5 30. f4 e4 31. Kf2 Kf6 32. Rd4 Bf7 33. Nc6 Rc8 34. Ne5 Rcd8 35. Nxd7+ Rxd7 36. h3 h5 37. g3 Be6 38. Ke2 h4 39. gxh4 Rh7 40. Kf2 Rxh4 41. Kg3 Rh7 42. h4 Rh5 43. b4 Nb7 44. Bb3 Rh8 45. Bxd5 1-0


[Site "https://www.chess.com"]

[Event "Titled Tuesday Blitz November 15 Late 2022"]
[White "Zhigalko, Sergei"]
[Black "Sabuk, Piotr"]
[WhiteFideId "13502956"]
[BlackFideId "1137565"]
[WhiteElo "2662"]
[BlackElo "2326"]
[Result "1-0"]
[Round "10"]
[TimeControl "180+1"]
[Date "2022.11.15"]
[WhiteClock "0:00:05"]
[BlackClock "0:00:06"]

1. e4 e5 2. Nf3 Nc6 3. Bc4 Nf6 4. d3 Be7 5. O-O O-O 6. Nbd2 d6 7. c3 a6 8. Bb3 Be6 9. Re1 Re8 10. Bxe6 fxe6 11. Nf1 Qd7 12. Ng3 h6 13. d4 exd4 14. cxd4 d5 15. e5 Nh7 16. Be3 Rf8 17. Rc1 Rf7 18. Qc2 Raf8 19. Qg6 Bb4 20. Red1 Ne7 21. Qc2 Nc6 22. a3 Ba5 23. Ne1 Bb6 24. Qg6 Ne7 25. Qg4 Nf5 26. Nd3 Nxe3 27. fxe3 Kh8 28. Nf4 Rxf4 29. exf4 Qf7 30. Kh1 g6 31. Ne2 h5 32. Qg3 Qe7 33. Rf1 Rg8 34. Rcd1 Nf8 35. Ng1 Nd7 36. Nf3 Nb8 37. Ng5 Nc6 38. Qc3 Rf8 39. g3 Rf5 40. Kg2 Nd8 41. h3 Nf7 42. Nf3 Kg7 43. Nh4 Nh6 44. Qd3 c5 45. dxc5 Bxc5 46. Rc1 a5 47. Rc2 b6 48. Rfc1 g5 49. fxg5 Qxg5 50. b4 axb4 51. axb4 Rxe5 52. bxc5 Re3 53. Nf3 Rxd3 54. Nxg5 bxc5 55. Nxe6+ Kg6 56. Nf4+ 1-0


[Site "https://www.chess.com"]

[Event "Titled Tuesday Blitz November 15 Late 2022"]
[White "Al-Tarboush, Ward"]
[Black "Avila Rodriguez, Joshua Ad"]
[WhiteFideId "7601450"]
[BlackFideId "5126444"]
[WhiteElo "2273"]
[BlackElo "2125"]
[Result "1-0"]
[Round "11"]
[TimeControl "180+1"]
[Date "2022.11.16"]
[WhiteClock "0:01:09"]
[BlackClock "0:00:23"]

1. d4 Nf6 2. Nc3 e6 3. e4 d5 4. e5 Nfd7 5. f4 c5 6. Nf3 Nc6 7. Be3 Be7 8. Be2 O-O 9. O-O b6 10. Qd2 Bb7 11. Nd1 f6 12. f5 cxd4 13. Nxd4 Nxd4 14. Qxd4 fxe5 15. Qg4 exf5 16. Rxf5 Rxf5 17. Qxf5 Bf6 18. Bg4 Nf8 19. Nf2 g6 20. Qd3 e4 21. Qd1 d4 22. Bf4 Qe7 23. Qe1 Ne6 24. Bg3 Ng5 25. h4 Nf7 26. Rd1 Rd8 27. Nh3 Bxh4 28. Bxh4 g5 29. Bg3 Ne5 30. Bxe5 Qxe5 31. Qf1 Rf8 32. Qc4+ Bd5 33. Qxd4 Qg3 34. Qxd5+ Kh8 35. Qd4+ Kg8 36. Be6+ 1-0


[Site "https://www.chess.com"]

[Event "Titled Tuesday Blitz November 15 Late 2022"]
[White "Andreikin, Dmitry"]
[Black "Xiong, Jeffery"]
[WhiteFideId "4158814"]
[BlackFideId "2047640"]
[WhiteElo "2736"]
[BlackElo "2725"]
[Result "1-0"]
[Round "11"]
[TimeControl "180+1"]
[Date "2022.11.15"]
[WhiteClock "0:00:39"]
[BlackClock "0:01:24"]

1. Nf3 Nf6 2. c4 c5 3. Nc3 d5 4. cxd5 Nxd5 5. g3 Nc6 6. Bg2 Nc7 7. a3 g6 8. d3 Bg7 9. Be3 Ne6 10. h4 h5 11. Qd2 Bd7 12. O-O Rc8 13. Rab1 Ncd4 14. Ne4 O-O 15. b4 Nxf3+ 16. Bxf3 c4 17. dxc4 Rxc4 18. Nc5 Nxc5 19. Rfd1 Qe8 20. bxc5 Bc6 21. Bxc6 bxc6 22. Rb7 Ra4 23. Qc2 Rxa3 24. Rdd7 Rxe3 25. fxe3 a5 26. Rxe7 Qd8 27. Rbd7 Qc8 28. Qc4 Qb8 29. Kg2 1-0


[Site "https://www.chess.com"]